 Dungeon Crawl Stone Soup version 0.25-a0-167-g836c352ace (webtiles) character file.

Game seed: 16800199500193633985, levelgen mode: deterministic

12 vurker the Grave Robber (level 2, 0/20 HPs)
             Began as a Demonspawn Necromancer on Nov 25, 2019.
             Slain by a goblin
             ... wielding a +0 dagger
              (1 damage)
             ... on level 1 of the Dungeon.
             The game lasted 00:00:53 (290 turns).

vurker the Grave Robber (Demonspawn Necromancer)     Turns: 290, Time: 00:00:53

Health: 0/20       AC:  2    Str:  8    XL:     2   Next: 20%
Magic:  0/5        EV: 12    Int: 16    God:
Gold:   0          SH:  0    Dex: 13    Spells: 3/5 levels left

rFire    . . .     SeeInvis .   (no weapon)
rCold    . . .     Gourm    .   (no shield)
rNeg     . . .     Faith    .   a - +0 robe
rPois    .         Spirit   .   (no helmet)
rElec    .         Reflect  .   (no cloak)
rCorr    .         Harm     .   (no gloves)
MR       .....                  (no boots)
Stlth    ++........             (no amulet)
HPRegen  0.06/turn              (no ring)
MPRegen  0.09/turn              (no ring)

@: no status effects
A: talons 1
a: no special abilities


You were on level 1 of the Dungeon.
You were not hungry.

You visited 1 branch of the dungeon, and saw 1 of its levels.

Inventory:

Armour
 a - a +0 robe (worn)
Scrolls
 b - a scroll of enchant weapon {unknown}
 c - a scroll of remove curse {unknown}
Comestibles
 e - 2 rations


   Skills:
 + Level 0.5 Fighting
 - Level 1.7 Dodging
 - Level 1.7 Stealth
 * Level 2.3 Spellcasting
 * Level 4.6 Necromancy


You had 3 spell levels left.
You knew the following spells:

 Your Spells              Type           Power        Failure   Level  Hunger
a - Pain                  Necr           ###.         3%          1    #......
v - Animate Skeleton      Necr           N/A          3%          1    #......

Your spell library contained the following spells:

 Spells                   Type           Power        Failure   Level  Hunger
 Vampiric Draining        Necr           ###.......   9%          3    ###....
 Regeneration             Chrm/Necr      #.........   24%         3    ###....
 Animate Dead             Necr           N/A          30%         4    #####..


Dungeon Overview and Level Annotations

Branches:
Dungeon (1/15)

Altars:


Innate Abilities, Weirdness & Mutations

You have sharp toenails.


Message History

You hit the jackal but do no damage. Your kick misses the jackal.
The jackal bites you but does no damage.
The jackal barely misses you.
You barely miss the jackal. You claw the jackal. The jackal barely misses you.
The jackal bites you.
You attempt to give life to the dead...
Before your eyes, flesh is ripped from the corpse!
The dead are walking!
The jackal barely misses you. The jackal bites you. x2
* * * LOW HITPOINT WARNING * * *
The jackal bites you.
* * * LOW HITPOINT WARNING * * *
There is an open door, spattered with blood here.
You see here 2 chunks of flesh.
The goblin hits something with a +0 dagger.
You don't have enough magic to cast that spell.
You closely miss the jackal. You claw the jackal.
The jackal closely misses you.
The jackal bites something.
You hit the jackal but do no damage. The jackal bites you.
* * * LOW HITPOINT WARNING * * *
The jackal bites you.
* * * LOW HITPOINT WARNING * * *
You hit the jackal but do no damage. Your kick misses the jackal.
The jackal closely misses you.
You hit the jackal but do no damage. Your kick misses the jackal.
The jackal closely misses you. The jackal barely misses you.
You barely miss the jackal. The jackal closely misses you.
You barely miss the jackal. Your kick misses the jackal.
The jackal closely misses you. The jackal barely misses you. x2
Your magical contamination has completely faded away.
The jackal pauses to sniff the ground.
The jackal barely misses you.
Aim: a jackal (chance to defeat MR: 87%)
The jackal barely resists.
The jackal misses you. The jackal bites you.
* * * LOW HITPOINT WARNING * * *
The jackal bites you.
* * * LOW HITPOINT WARNING * * *
You barely miss the jackal. The jackal bites you.
* * * LOW HITPOINT WARNING * * *
You closely miss the jackal. Your kick misses the jackal.
The jackal closely misses you.
You hit the jackal.
You kill the jackal!
The jackal misses you.
You barely miss the jackal. You claw the jackal, but do no damage.
The jackal closely misses you.
You hit the jackal but do no damage. The jackal misses you.
You hit the jackal. You claw the jackal.
You kill the jackal!
You completely miss the goblin. The goblin hits you with a +0 dagger.
You die...

#...##.## #... ♣♣♣
#...##.# #. ####......#
..........######
................####
#####..............
#######...######.###.###
......'...'.............
#######...######@####.#
##### #g## #..# ##.##
#..# #######%##
.........# .....Z...#
.........#.#


You could see a goblin.

Vanquished Creatures
  A dart slug (D:1)
  A goblin (D:1)
  4 jackals (D:1)
  2 bats (D:1)
  A rat (D:1)
9 creatures vanquished.

Notes
Turn   | Place    | Note
-------+----------+-------------------------------------------
     0 | D:1      | vurker the Demonspawn Necromancer began the quest for the
                  | Orb.
     0 | D:1      | Reached XP level 1. HP: 13/13 MP: 3/3
    58 | D:1      | Learned a level 1 spell: Animate Skeleton
   260 | D:1      | Gained mutation: You have sharp toenails. [demonic
                  | ancestry]
   260 | D:1      | Reached XP level 2. HP: 20/20 MP: 1/5
   284 | D:1      | HP: 1/20 [jackal (2)]
   290 | D:1      | Slain by a goblin

Levels and vault maps discovered:
D:1:      kilobyte_arrival_exit_the_forest, layout_basic

Action                   || total
-------------------------++-------
Melee: Unarmed           ||    21
       Kick              ||     5
 Cast: Pain              ||    11
       Animate Skeleton  ||     1
Armor: Robe              ||     1
Dodge: Dodged            ||    26

Table legend:
 A = Non-vault XP
 B = Vault XP
 C = Vault XP percentage of total XP
 D = Non-vault monster count
 E = Vault monster count
 F = Vault count percentage of total count
                 A         B        C        D         E       F
            +---------+---------+-------+---------+---------+-------
      Total |      18 |       0 |   0.0 |       9 |       0 |   0.0
            +---------+---------+-------+---------+---------+-------
        D:1 |      18 |       0 |   0.0 |       9 |       0 |   0.0
            +---------+---------+-------+---------+---------+-------
